 Dungeon Crawl Stone Soup version 0.27-a0-1140-g099f9bb0e8 (webtiles) character file.

Game seed: 16984734726648667018

1177 jasper the Insei (level 8, -1/48 HPs)
             Began as a Tengu Hedge Wizard on May 8, 2021.
             Was a Follower of Cheibriados.
             Slain by an unseen horror (9 damage)
             ... on level 8 of the Dungeon.
             The game lasted 00:13:46 (5654 turns).

jasper the Insei (Tengu Hedge Wizard)               Turns: 5654, Time: 00:13:46

Health: -1/48      AC:  6    Str: 14    XL:     8   Next: 41%
Magic:  13/13      EV: 15    Int: 18    God:    Cheibriados [*.....]
Gold:   97         SH:  0    Dex: 15    Spells: 4/13 levels left

rFire    . . .     SeeInvis .     - Unarmed
rCold    . . .     Faith    .   (no shield)
rNeg     . . .     Spirit   .   o - +0 ring mail
rPois    +         Reflect  .   c - +0 hat
rElec    .         Harm     .   (no cloak)
rCorr    .         Rampage  .   d - +0 pair of gloves
Will     .....                  (boots unavailable)
Stlth    +.........             e - amulet of regeneration
HPRegen  1.16/turn              i - ring of poison resistance
MPRegen  0.13/turn              (no ring)

@: flying quickly and evasively, very slow
A: beak, talons 3, nimble flight
a: Renounce Religion, Bend Time


You were on level 8 of the Dungeon.
You worshipped Cheibriados.
Cheibriados was aware of your devotion.
You visited 2 branches of the dungeon, and saw 9 of its levels.

You collected 229 gold pieces.
You spent 132 gold pieces at shops.

Inventory:

Hand Weapons
 a - a +0 dagger
Missiles
 g - 125 stones
 p - 32 poisoned darts
 y - a curare-tipped dart
Armour
 b - a +0 robe
 c - a +0 hat (worn)
 d - a +0 pair of gloves (worn)
 h - a +0 leather armour
 n - a +0 pair of gloves
 o - a +0 ring mail (worn)
Magical Staves
 k - a staff of death
 w - a staff of conjuration
Jewellery
 e - an amulet of regeneration (around neck)
 i - a ring of poison resistance (left hand)
Wands
 f - a wand of paralysis (6)
 B - a wand of digging (4)
Scrolls
 l - 2 scrolls of enchant armour {unknown}
 m - 3 scrolls of teleportation
 q - 3 scrolls of amnesia
 s - a scroll of fog {unknown}
 u - 3 scrolls of identify
Potions
 j - a potion of flight
 r - a potion of degeneration
 v - a potion of berserk rage {unknown}
 x - 2 potions of curing
 z - a potion of might {unknown}
 A - a potion of haste {unknown}


   Skills:
 + Level 4.1 Fighting
 + Level 5.2 Dodging
 - Level 2.0 Stealth
 * Level 6.5 Unarmed Combat
 - Level 3.0 Spellcasting
 - Level 1.3 Conjurations
 - Level 1.2 Summonings
 + Level 3.5 Translocations


You had 4 spell levels left.
You knew the following spells:

 Your Spells              Type           Power      Damage    Failure   Level
a - Magic Dart            Conj           28%        1d4       19%         1
b - Blink                 Tloc           N/A        N/A       12%         2
c - Conjure Flame         Conj/Fire      5%         6-21      58%         3
d - Mephitic Cloud        Conj/Pois/Air  4%         N/A       63%         3

Your spell library contained the following spells:

 Spells                   Type           Power      Damage    Failure   Level
 Call Imp                 Summ           7%         N/A       30%         2
 Freeze                   Ice            8%         1d3       32%         1
 Sting                    Tmut/Pois      8%         1d3       32%         1
 Slow                     Hex            2%         N/A       45%         2
 Alistair's Intoxication  Tmut/Pois      1%         N/A       100%        5
 Metabolic Englaciation   Hex/Ice        1%         N/A       100%        5
 Eringya's Noxious Bog    Tmut/Pois      1%         N/A       100%        6


Dungeon Overview and Level Annotations

Branches:
Dungeon (8/15)             Temple (1/1) D:4
   Lair: D:8-11

Altars:
Ashenzari
Cheibriados
Elyvilon
Fedhas
Hepliaklqana
Kikubaaqudgha
Nemelex Xobeh
Qazlal
Ru
Sif Muna
Trog
Uskayaw
Vehumet
Wu Jian
Xom
Yredelemnul
Zin
The Shining One

Shops:
D:4 :[*

Annotations:
D:2 Terence
D:5 Prince Ribbit
D:6 Maggie
D:7 Dowan, Duvessa


Innate Abilities, Weirdness & Mutations

You have a beak for a mouth.
You have claws for feet.
Your magical nature lets you fly swiftly and evasively.


Message History

You swing at nothing.
Something closely misses you. Something hits you!
You take 6 damage, and have 25/48 hp.
You barely miss something. Your kick misses something. You peck something.
Something hits you but does no damage. Something barely misses you.
You hit something. You claw something. Something hits you.
You take 2 damage, and have 24/48 hp.
You hit something. Something hits you but does no damage. Something hits you.
You take 4 damage, and have 20/48 hp.
You barely miss something. Your kick misses something. You peck something.
Your punch misses something. Something hits you.
Something hits you but does no damage.
You take 3 damage, and have 17/48 hp.
You hit something. Your kick misses something. Something barely misses you.
You barely miss something. You claw something. Something hits you.
Something hits you but does no damage. Something closely misses you.
You barely miss something. You claw something. Something hits you.
Something hits you but does no damage.
You take 2 damage, and have 16/48 hp.
You closely miss something. You claw something. Something hits you.
You miss something. You peck something. Something hits you.
* * * LOW HITPOINT WARNING * * *
Something hits you!
* * * LOW HITPOINT WARNING * * *
You take 12 damage, and have 4/48 hp.
MASSIVE DAMAGE!!
You feel much better. Something hits you! Something hits you. x2
You regained 17 hp, and now have 21/48 hp.
You barely miss something. Something hits you. Something barely misses you.
You completely miss something. You claw something. Something barely misses you.
Something hits you.
You take 3 damage, and have 18/48 hp.
You hit something but do no damage. Your kick misses something.
You peck something. Something closely misses you.
Something hits you but does no damage. x2; Something hits you.
You take 4 damage, and have 15/48 hp.
You hit something. Your kick misses something. You peck something.
Something barely misses you. Something hits you but does no damage.
You closely miss something. You peck something. Something hits you!
* * * LOW HITPOINT WARNING * * *
Something hits you!
You die...

#############.# #.# #.#
##########.# #
#..........# #
#..........# #
#..........#
#####..........#########
................@.......
#####.........##########
..............#
#####.........#
#.........# ##########


There were no monsters in sight!

Vanquished Creatures
  A water moccasin (D:8)
  A black bear (D:4)
  A sky beast (D:5)
  2 necrophages
  A centaur (D:6)
  A phantom (D:6)
  A kobold brigand (D:8)
  A bullfrog (D:7)
  A scorpion (D:5)
  A wyvern zombie (D:7)
  A jelly (D:6)
  An orc priest (D:3)
  Natasha (twice) (D:2 D:1)
  5 adders
  5 gnolls
  A shadow imp (D:7)
  A white imp (D:6)
  An ufetubus (D:6)
  A worm (D:3)
  A dart slug (D:1)
  11 orcs
  6 ball pythons
  A bat (D:3)
  8 endoplasms
  4 giant cockroaches
  6 goblins
  3 hobgoblins
  12 jackals
  9 kobolds
  3 quokkas
  2 frilled lizards
  A rat (D:1)
96 creatures vanquished.

Notes
Turn   | Place    | Note
-------+----------+-------------------------------------------
     0 | D:1      | jasper the Tengu Hedge Wizard began the quest for the Orb.
     0 | D:1      | Reached XP level 1. HP: 10/10 MP: 5/5
    60 | D:1      | Identified the Collected Works on Congealing Contamination
   382 | D:1      | Reached skill level 1 in Unarmed Combat
   382 | D:1      | Reached skill level 1 in Translocations
   382 | D:1      | Reached XP level 2. HP: 16/16 MP: 0/7
   385 | D:1      | Learned a level 2 spell: Blink
   597 | D:1      | Found a faded altar of an unknown god.
  1141 | D:2      | Reached skill level 1 in Fighting
  1141 | D:2      | Reached XP level 3. HP: 20/20 MP: 0/8
  1265 | D:2      | Noticed Natasha
  1471 | D:2      | Killed Natasha
  1472 | D:2      | Reached skill level 2 in Unarmed Combat
  1472 | D:2      | Reached XP level 4. HP: 11/25 MP: 4/9
  1648 | D:2      | Noticed Natasha
  1797 | D:1      | Killed Natasha
  1927 | D:2      | Gained mutation: Your magical nature lets you fly swiftly
                  | and evasively. [Tengu growth]
  1927 | D:2      | Reached XP level 5. HP: 30/30 MP: 5/10
  1980 | D:2      | Noticed Terence
  2105 | D:3      | Reached skill level 3 in Unarmed Combat
  2435 | D:3      | Learned a level 3 spell: Conjure Flame
  2439 | D:3      | Learned a level 3 spell: Mephitic Cloud
  3295 | D:4      | Noticed a necrophage
  3306 | D:4      | Killed a necrophage
  3307 | D:4      | Reached skill level 4 in Unarmed Combat
  3307 | D:4      | Reached XP level 6. HP: 33/36 MP: 6/11
  3355 | D:4      | Found Piyl Tuzee's General Store.
  3363 | D:4      | Bought a scroll of fear for 42 gold pieces
  3363 | D:4      | Bought a scroll of teleportation for 36 gold pieces
  3363 | D:4      | Bought a +0 pair of gloves for 54 gold pieces
  3364 | D:4      | Found Jahof's Armour Shoppe.
  3436 | D:4      | Found Nuycyh's Book Boutique.
  3573 | D:4      | Noticed a black bear
  3584 | D:4      | Killed a black bear
  3814 | D:4      | Noticed a +0 dagger
  3814 | D:4      | Noticed a +0 dagger
  3814 | D:4      | Noticed a +0 falchion
  3816 | D:4      | Noticed a +0 falchion
  3816 | D:4      | Noticed a +0 short sword
  3886 | D:4      | Found a staircase to the Ecumenical Temple.
  3944 | Temple   | Entered the Ecumenical Temple
  3997 | Temple   | Became a worshipper of Cheibriados the Contemplative
  4110 | D:4      | Found a hide-covered altar of Uskayaw.
  4110 | D:4      | Noticed a +0 short sword
  4112 | D:4      | Noticed a +0 spear
  4114 | D:4      | Noticed a +0 spear
  4231 | D:5      | Entered Level 5 of the Dungeon
  4239 | D:5      | Noticed Prince Ribbit
  4259 | D:5      | Noticed a necrophage
  4271 | D:5      | Killed a necrophage
  4272 | D:5      | Reached XP level 7. HP: 40/40 MP: 10/12
  4468 | D:5      | Reached skill level 5 in Unarmed Combat
  4642 | D:6      | Noticed Maggie
  4668 | D:6      | Reached XP level 8. HP: 37/46 MP: 13/13
  4691 | D:6      | Reached * piety under Cheibriados
  4768 | D:7      | Found a glowing golden altar of the Shining One.
  4781 | D:7      | Reached skill level 6 in Unarmed Combat
  4993 | D:7      | Noticed Duvessa
  4994 | D:7      | Noticed Dowan
  4995 | D:7      | Found a hazy altar of Hepliaklqana.
  4998 | D:7      | Found a basalt altar of Yredelemnul.
  5496 | D:8      | Reached skill level 5 in Dodging
  5654 | D:8      | Slain by an unseen horror

Illustrated notes

Levels and vault maps discovered:
D:1:      erik_arrival_blinker_ship, layout_loops_ring,
          hellmonk_ecumenical_altar_run_dry
D:2:      layout_rooms, uniq_crazy_yiuf_cottage, uniq_natasha, uniq_terence
D:3:      layout_basic
D:4:      layout_cave_pools, nicolae_uskayaw_en_pointe,
          minmay_temple_entry_slanted, serial_park, serial_shops, shop,
          nicolae_shop_stone, shop
D:5:      layout_rooms, lemuel_doored_altar, uniq_prince_ribbit1
D:6:      minmay_opposing_rooms, layout_cave_pools, uniq_maggie, uniq_eustachio
D:7:      layout_basic, marbit_many_paths, nicolae_tso_carved_into_rock,
          nicolae_overflow_hidden_temple, uniq_duvessa
D:8:      layout_loops_ring
Temple:   zaba_magenta_temple

Skill      XL: |  1  2  3  4  5  6  7  8 |
---------------+-------------------------+-----
Unarmed Combat | 1 2 4 5 6 |  6.5
Translocations | 1 2 3 |  3.5
Fighting       | 1 2 3 4 |  4.1
Dodging        | 3 4 5 |  5.2
Stealth        | |  2.0
Spellcasting   | |  3.0
Conjurations   | |  1.3
Summonings     | |  1.2

Action                   |  1- 3 |  4- 6 |  7- 9 || total
-------------------------+-------+-------+-------++-------
Melee: Dagger            |    20 |       |       ||    20
       Kick              |     5 |    22 |    36 ||    63
       Peck              |     3 |    18 |    25 ||    46
       Unarmed           |    13 |   122 |   142 ||   277
       Punch             |       |     1 |     2 ||     3
 Cast: Magic Dart        |    57 |    97 |    25 ||   179
  Use: Scroll            |     4 |     6 |     2 ||    12
       Potion            |     3 |     1 |     1 ||     5
Armor: Robe              |     6 |       |       ||     6
       Skin              |     2 |    11 |       ||    13
       Leather armour    |     5 |    12 |       ||    17
       Ring mail         |       |     9 |    42 ||    51
Dodge: Dodged            |    26 |    60 |   101 ||   187

Table legend: (Time is in decaauts)
 A = Elapsed time spent in this place.
 B = Non-inter-level travel time spent in this place.
 C = Inter-level travel time spent in this place.
 D = Time resting spent in this place.
 E = Time spent auto-exploring this place.
 F = Levels seen in this place.
 G = Mean time per level.
                   A        B        C        D        E       F      G
               +--------+--------+--------+--------+--------+-----+--------+
         Total |   5764 |   5564 |    200 |    993 |   3565 |   9 |  640.4 |
       Dungeon |   5695 |   5514 |    181 |    993 |   3524 |   8 |  711.9 |
        Temple |     68 |     49 |     19 |      0 |     40 |   1 |   68.0 |
               +--------+--------+--------+--------+--------+-----+--------+

Top non-repeatable levels by time:
     D:1: 1276 daAuts
     D:3: 1214 daAuts
     D:4: 908 daAuts
     D:7: 841 daAuts
     D:2: 726 daAuts
     D:5: 309 daAuts
     D:6: 219 daAuts
     D:8: 200 daAuts
  Temple: 68 daAuts
